 Dungeon Crawl Stone Soup version 0.17-a0-1399-gd5b76e1 (webtiles) character file.

643 urechis the Spear-Bearer (level 7, 0/55 HPs)
             Began as a Merfolk Gladiator on June 19, 2015.
             Was a Believer of Yredelemnul.
             Killed from afar by an orc wizard (10 damage)
             ... with a puff of flame
             ... on level 4 of the Dungeon.
             The game lasted 00:09:34 (4019 turns).

urechis the Spear-Bearer (Merfolk Gladiator)        Turns: 4019, Time: 00:09:35

Health: 0/55       AC:  4    Str: 15    XL:     7   Next: 51%
Magic:  7/7        EV: 15    Int:  7    God:    Yredelemnul [**....]
Gold:   173        SH:  0    Dex: 17    Spells: 0 memorised, 6 levels left

rFire  . . .     SeeInvis .     a - +0 trident
rCold  . . .     Clarity  .     b - +0 leather armour
rNeg   . . .     SustAt   .     (no shield)
rPois  .         Gourm    .     c - +0 helmet
rElec  .         Spirit   .     (no cloak)
rCorr  .         Warding  .     (no gloves)
rMut   .         Stasis   .     (no boots)
MR     +....                    (no amulet)
Stlth  +.........               (no ring)
                                h - ring of protection from magic

@: somewhat resistant to hostile enchantments, very unstealthy
A: change form in water, swift swim
a: Animate Remains, Recall Undead Slaves, Injury Mirror, Renounce Religion


You were on level 4 of the Dungeon.
You worshipped Yredelemnul.
Yredelemnul was pleased with you.
You were not hungry.

You visited 1 branch of the dungeon, and saw 4 of its levels.

You collected 173 gold pieces.

Inventory:

Hand weapons
 a - a +0 trident (weapon)
Missiles
 e - 4 throwing nets (quivered)
Armour
 b - a +0 leather armour (worn)
 c - a +0 helmet (worn)
Jewellery
 h - a ring of protection from magic (left hand)
Scrolls
 f - a scroll of enchant weapon {unknown}
 g - 2 scrolls of remove curse {unknown}
 i - 5 scrolls of identify {unknown}
 j - a scroll of fog {unknown}
 n - a scroll of immolation {unknown}
 o - a scroll of noise {unknown}
 p - a scroll of random uselessness {unknown}
 r - 2 scrolls of teleportation {unknown}
 u - a scroll of magic mapping {unknown}
Potions
 m - 3 potions of curing
 s - a potion of resistance {unknown}
 v - a potion of haste {unknown}
 x - a potion of brilliance {unknown}
Comestibles
 d - 4 bread rations
 k - 8 fruits
 l - a meat ration
 q - 3 royal jellies
 t - 8 chunks of flesh
 w - a slice of pizza


   Skills:
 * Level 4.6 Fighting
 - Level 10.1 Polearms
 - Level 2.0 Throwing
 + Level 5.3 Dodging


You had 6 spell levels left.
You didn't know any spells.

Dungeon Overview and Level Annotations

Branches:
Dungeon (4/15)
 Temple: D:4-7

Altars:
Kikubaaqudgha
Nemelex Xobeh
Okawaru
Yredelemnul


Message History

The magic dart hits you!
* * * LOW HITPOINT WARNING * * *
You miss something.
You hear some strange, mumbled words.
A puff of flame appears from out of thin air!
The puff of flame misses you.
You miss something. Something hits you but does no damage.
You hit something.
You hear some strange, mumbled words.
A puff of frost appears from out of thin air!
The puff of frost hits you!
* * * LOW HITPOINT WARNING * * *
You hit something. Something barely misses you.
Something hits you but does no damage.
You hit something.
You hear some strange, mumbled words.
A puff of flame appears from out of thin air!
The puff of flame hits you!
You die...
Your body rises from the dead as a mindless zombie.

#.....## #.# #..#.# #..†
.......## #.#####..#.# #.##
........####.#........# ####>#
..........)....###..#.#####....#
..........##..## #.....^.......#
.......##.###+####..#..#######.##
#.....###.#≈≈. #.................
##...## #.+.8.)###.....#######.#.
##.## ###≈.8.{@......#######.#.
#.# #≈.≈≈###............... #.#
##+###.......#######.#. #.##
#....###...### #.#. #..#
#..........# #[#. ##.#
##...###.#.# #... #.#
####.####.#.# #.## #.#
#.........#.### #.# #.#
#.##..........# #.##


There were no monsters in sight!

Vanquished Creatures
  A phantom (D:3)
  6 orc wizards
  A hound (D:4)
  4 orc priests
  A worker ant (D:4)
  Natasha (thrice) (D:2)
  4 gnolls
  3 adders
  An adder zombie (D:3)
  An ooze (D:2)
  A worm (D:2)
  2 giant geckos
  11 orcs
  3 giant cockroaches
  10 hobgoblins
  11 kobolds
  2 ball pythons
  12 bats
  A giant gecko skeleton (D:4)
  7 giant newts
  8 goblins
  4 jackals
  4 quokkas
  14 rats
115 creatures vanquished.

Vanquished Creatures (others)
  An orc wizard (D:4)
1 creature vanquished.

Grand Total: 116 creatures vanquished

Notes
Turn   | Place    | Note
--------------------------------------------------------------
     0 | D:1      | urechis the Merfolk Gladiator began the quest for the Orb.
     0 | D:1      | Reached XP level 1. HP: 16/16 MP: 1/1
   138 | D:1      | Reached skill level 5 in Polearms
   138 | D:1      | Reached XP level 2. HP: 12/22 MP: 2/2
   921 | D:2      | Reached skill level 6 in Polearms
   921 | D:2      | Reached XP level 3. HP: 22/27 MP: 3/3
  1014 | D:2      | Found a basalt altar of Yredelemnul.
  1020 | D:2      | Became a worshipper of Yredelemnul the Dark
  1232 | D:2      | Noticed Natasha
  1241 | D:2      | Killed Natasha
  1241 | D:2      | Reached skill level 7 in Polearms
  1241 | D:2      | Reached XP level 4. HP: 25/33 MP: 4/4
  1747 | D:2      | Noticed Natasha
  1755 | D:2      | Killed Natasha
  1858 | D:2      | Noticed Natasha
  1875 | D:2      | HP: 1/33 [white imp/puff of frost[Natasha] (6)]
  1881 | D:2      | Killed Natasha
  2337 | D:3      | Acquired Yredelemnul's first power
  2340 | D:3      | Noticed a phantom
  2347 | D:3      | Found a sparkling altar of Nemelex Xobeh.
  2376 | D:3      | Killed a phantom
  2376 | D:3      | Reached skill level 9 in Polearms
  2376 | D:3      | Reached XP level 5. HP: 31/38 MP: 5/5
  2398 | D:3      | Found a faded altar to an unknown god.
  2445 | D:3      | Reached XP level 6. HP: 19/44 MP: 6/6
  2454 | D:3      | Found an iron altar of Okawaru.
  3160 | D:4      | Reached skill level 10 in Polearms
  3552 | D:4      | Acquired Yredelemnul's second power
  3552 | D:4      | Reached XP level 7. HP: 38/52 MP: 7/7
  3608 | D:4      | Found an ancient bone altar of Kikubaaqudgha.
  3692 | D:4      | Reached skill level 5 in Dodging
  4019 | D:4      | Killed from afar by an orc wizard

Vault maps used:
D:1:      sevenhm_arrival_forest_fort_large_2, minivault_14
D:2:      lemuel_round_altar, first_bread, uniq_natasha
D:3:      nemelex_xobeh_ov_fountains_minmay, lemuel_doored_altar,
          ecumenical_altar_2, kennysheep_generic_room_11
D:4:      lemuel_crystal_altar, kennysheep_generic_room_14

Action                   |  1- 3 |  4- 6 |  7- 9 || total
-------------------------+-------+-------+-------++-------
Melee: Trident           |    95 |   258 |   107 ||   460
  Use: Potion            |       |     6 |       ||     6
 Stab: Sleeping          |       |     3 |     1 ||     4
       Distracted        |       |     1 |       ||     1
  Eat: Chunk             |       |     7 |     2 ||     9
       Royal jelly       |       |     1 |       ||     1
